 Dungeon Crawl Stone Soup version 0.26.0-10-g1f06aea511 (webtiles) character file.

Game seed: 2946050487649051566

78037 Dani the Warrior (level 15, -6/171 HPs)
             Began as an Ogre Fighter on Jan 30, 2021.
             Was a High Priest of Okawaru.
             Killed by divine providence
             ... invoked by an orc high priest
              (15 damage)
             ... on level 2 of the Orcish Mines.
             The game lasted 00:59:12 (29257 turns).

Dani the Warrior (Ogre Fighter)                    Turns: 29257, Time: 00:59:12

Health: -6/171     AC: 16    Str: 29      XL:     15   Next: 58%
Magic:  20/22      EV: 10    Int: 12 (15) God:    Okawaru [*****.]
Gold:   2493       SH:  0    Dex:  8      Spells: 22/24 levels left

rFire    . . .     SeeInvis .   P - +5 giant spiked club (spect)
rCold    + . .     Faith    .   (shield currently unavailable)
rNeg     + . .     Spirit   .   e - quicksilver dragon scales "Foycsu" {Will+ rCorr Int+6}
rPois    .         Reflect  .   L - +0 hat {Will+}
rElec    .         Harm     .   C - +1 cloak
rCorr    +         Rampage  .   (gloves unavailable)
Will     +++++     Clarity  +   (boots unavailable)
Stlth    ..........             b - amulet of the Four Winds {rN+ Will+++ Clar}
HPRegen  0.38/turn              c - ring of protection from cold
MPRegen  0.18/turn              (no ring)

@: about to teleport
A: large, unfitting armour, tough skin 1
a: Renounce Religion, Heroism, Finesse


You were on level 2 of the Orcish Mines.
You worshipped Okawaru.
Okawaru was extremely pleased with you.
You visited 3 branches of the dungeon, and saw 20 of its levels.
You also visited: Volcano.

You collected 2724 gold pieces.
You spent 231 gold pieces at shops.

Inventory:

Hand Weapons
 a - a +1 flail
 p - a +2 antimagic giant spiked club
   (You took it off an ogre on level 6 of the Dungeon)
 P - a +5 spectral giant spiked club (weapon)
   (Okawaru gifted it to you on level 6 of the Lair of Beasts)
 W - the +9 giant club of the Extremes {protect, rElec rF- Str+5}
   (Okawaru gifted it to you on level 2 of the Lair of Beasts)

   It grants its wielder temporary protection when it strikes (+7 to AC).
   It affects your strength (+5).
   It makes you vulnerable to fire.
   It insulates you from electricity.
Missiles
 Z - 5 throwing nets (quivered)
Armour
 e - the quicksilver dragon scales "Foycsu" (worn) {Will+ rCorr Int+6}
   (Okawaru gifted it to you on level 12 of the Dungeon)

   It affects your intelligence (+6).
   It affects your willpower, your defense against some magical effects.
   It provides partial protection from all sources of acid and corrosion.
 n - a scarf of resistance
   (You acquired it on level 10 of the Dungeon)
 s - a +0 troll leather armour
   (You found it on level 9 of the Dungeon)
 t - a scarf of repulsion
   (You found it on level 9 of the Dungeon)
 C - a +1 cloak (worn)
   (You found it on level 10 of the Dungeon)
 L - a +0 hat of willpower (worn)
   (You took it off Gastronok on level 3 of the Lair of Beasts)
Jewellery
 b - the amulet of the Four Winds (around neck) {rN+ Will+++ Clar}
   (You found it on level 2 of the Lair of Beasts)

   [amulet of nothing]

   It protects you from negative energy.
   It affects your willpower, your defense against some magical effects.
   It protects you against confusion.
 c - a ring of protection from cold (left hand)
   (You found it on level 1 of the Dungeon)
 g - an uncursed ring of resist corrosion
   (You found it on level 3 of the Dungeon)
 l - an uncursed ring of flight
   (You found it on level 11 of the Dungeon)
 m - an uncursed amulet of the acrobat {unknown}
   (You found it on level 12 of the Dungeon)
 F - an uncursed ring of protection from cold
   (You found it on level 1 of the Lair of Beasts)
Wands
 y - a wand of disintegration (33)
   (You found it on level 6 of the Dungeon)
 A - a wand of acid (27)
   (You found it on level 8 of the Dungeon)
 D - a wand of digging (25)
   (You found it on level 5 of the Dungeon)
 E - a wand of enslavement (12)
   (You found it on level 8 of the Dungeon)
 I - a wand of iceblast (20)
   (You found it on level 5 of the Lair of Beasts)
 O - a wand of polymorph (11)
   (You found it on level 1 of the Lair of Beasts)
 V - a wand of flame (61)
   (You found it on level 1 of the Lair of Beasts)
Scrolls
 r - a scroll of silence {unknown}
 u - 2 scrolls of fog
 v - 6 scrolls of enchant armour
 z - a scroll of enchant weapon
 M - 4 scrolls of magic mapping
 N - 6 scrolls of remove curse {@r2}
 R - 10 scrolls of identify {@r1}
 S - a scroll of vulnerability {unknown}
 T - 9 scrolls of teleportation
Potions
 d - 2 potions of might
 f - a potion of cancellation {unknown}
 h - 3 potions of magic
 i - 8 potions of berserk rage {unknown}
 j - 2 potions of lignification
 k - 4 potions of resistance {unknown}
 o - 3 potions of heal wounds
 q - 3 potions of flight
 w - 4 potions of brilliance
 G - 4 potions of attraction {unknown}
 H - a potion of haste
 J - 2 potions of invisibility
 K - 2 potions of degeneration {unknown}
 Q - 10 potions of curing {@q1}
Miscellaneous
 x - a tin of tremorstones (inert)
   (You found it on level 9 of the Dungeon)
 U - a box of beasts (inert)
   (You found it on level 12 of the Dungeon)


   Skills:
 + Level 16.5 Fighting
 * Level 16.3 Maces & Flails
 + Level 9.9 Armour
 + Level 4.5 Dodging
 - Level 2.6 Shields
 - Level 5.0 Spellcasting
 - Level 5.0 Invocations
 + Level 5.2 Evocations


You had 22 spell levels left.
You knew the following spells:

 Your Spells              Type           Power        Failure   Level
a - Blink                 Tloc           N/A          36%         2

Your spell library contained the following spells:

 Spells                   Type           Power        Failure   Level
 Freeze                   Ice            12%          26%         1
 Magic Dart               Conj           12%          26%         1
 Call Imp                 Summ           3%           36%         2
 Corpse Rot               Necr/Air       N/A          36%         2
 Slow                     Hex            3%           36%         2
 Sublimation of Blood     Necr           1%           36%         2
 Conjure Flame            Conj/Fire      3%           61%         3
 Frozen Ramparts          Ice            6%           61%         3
 Mephitic Cloud           Conj/Pois/Air  3%           61%         3
 Ozocubu's Armour         Ice            3%           61%         3
 Dispel Undead            Necr           3%           95%         4
 Hailstorm                Conj/Ice       3%           95%         4
 Summon Ice Beast         Ice/Summ       3%           95%         4
 Agony                    Necr           3%           100%        5
 Excruciating Wounds      Necr           1%           100%        5


Dungeon Overview and Level Annotations

Branches:
Dungeon (12/15)            Temple (0/1) D:7            Lair (6/6) D:9
 Spider (0/4) Lair:2        Slime (0/5) Lair:6          Orc (2/2) D:12
    Elf (0/3) Orc:2       Volcano (visited)
  Swamp: Lair:2-4    Shoals: Lair:2-4

Altars:
Ashenzari
Dithmenos
Gozag
Hepliaklqana
Makhleb
Okawaru
Sif Muna
Trog
Xom
The Shining One

Shops:
D:5 [   D:9 *   D:10 !   Orc:2 *

Portals:
Trove: D:11 (show slimy rune of Zot)

Annotations:
D:4 1 runed translucent door, Crazy Yiuf, Dowan, Duvessa
D:10 exclusion: door
Lair:4 1 exclusion


Innate Abilities, Weirdness & Mutations

You are too large for most types of armour.
You have tough skin. (AC +1)


Message History

The burst of rock shards engulfs the orc high priest!
The burst of rock shards engulfs the orc knight but does no damage.
The burst of rock shards engulfs the orc warrior.
The burst of rock shards engulfs the orc knight but does no damage.
The burst of rock shards engulfs the neqoxec!!
You kill the neqoxec!
The burst of rock shards engulfs the orc warrior but does no damage.
The burst of rock shards engulfs the orc warrior.
The burst of rock shards engulfs the orc knight but does no damage.
The burst of rock shards engulfs the orc knight!
The burst of rock shards engulfs the orc high priest!!
The burst of rock shards engulfs the orc knight!
An orc high priest comes into view. It is wielding a +0 war axe.
An orc warrior comes into view. It is wielding a +0 dire flail.
The orc warrior barely misses you.
The orc high priest prays to Beogh.
The orc high priest hits you with a +0 trident.
Evoke which item? (* to show all) (? for menu, Esc to quit)
The tremorstone explodes into fragments!
The burst of rock shards engulfs the orc high priest.
The burst of rock shards engulfs the orc warrior!
The burst of rock shards engulfs the neqoxec!
The burst of rock shards engulfs the orc knight but does no damage.
The burst of rock shards engulfs the orc knight!
The burst of rock shards engulfs the orc warrior but does no damage.
The burst of rock shards engulfs the orc knight but does no damage. x2
The burst of rock shards engulfs the orc warrior but does no damage. x2
The burst of rock shards engulfs the orc high priest!
You kill the orc high priest!
Okawaru accepts your kill.
The burst of rock shards engulfs the orc warrior. x2
You kill the orc warrior!
Okawaru accepts your kill.
The burst of rock shards engulfs the orc warrior!
The burst of rock shards engulfs the orc knight but does no damage.
The burst of rock shards engulfs you but does no damage.
The burst of rock shards engulfs the neqoxec!
The tin is emptied!
Your spectral weapon fades away.
The orc high priest invokes the aid of Beogh against you.
Beogh smites you!
An orc comes into view. It is wielding a +0 whip.
The orc high priest utters an invocation to Beogh.
The orc warrior hits you with a +0 war axe!
* * * LOW HITPOINT WARNING * * *
The neqoxec gestures at you.
Something tries to feed on your intellect!
You hear a shout!
Evoke which item? (* to show all) (? for menu, Esc to quit)
You open the lid... ...and a larval oxshock beast leaps out!
The box is emptied!
The orc high priest utters an invocation to Beogh.
The orc knight hits you with a +1 battleaxe of electrocution!!
* * * LOW HITPOINT WARNING * * *
An orc priest comes into view. It is wielding a +0 club.
The orc high priest calls upon Beogh to heal something.
The neqoxec gestures at you.
You feel dopey. Something feeds on your intellect!
You are too injured to fight recklessly!
Your quicksilver dragon scales "Foycsu" prevents you from hitting the orc priest.
The orc warrior hits you with a +0 war axe!!
* * * LOW HITPOINT WARNING * * *
The orc warrior hits your larval oxshock beast with a +0 war axe!
The orc priest barely misses you.
The orc priest hits your larval oxshock beast but does no damage.
You swap places.
The orc knight hits your larval oxshock beast with a +1 battleaxe of electrocution!!
Your larval oxshock beast dies!
Your larval oxshock beast's corpse disappears in a puff of smoke!
The orc warrior hits you with a +0 war axe!!
* * * LOW HITPOINT WARNING * * *
The orc priest looks braver for a moment.
As you read the scroll of teleportation, it crumbles to dust.
You feel strangely unstable.
Your hands slow down.
The orc priest mumbles some strange prayers to Beogh against you.
Beogh smites you!
* * * LOW HITPOINT WARNING * * *
The orc high priest mumbles some strange prayers to Beogh.
The neqoxec gestures.
The orc high priest utters an invocation to Beogh.
The orc priest hits you but does no damage.
You feel much better. The orc warrior barely misses you.
The orc priest looks satisfied for a moment.
The neqoxec gestures.
The orc knight hits you with a +1 battleaxe of electrocution!!
* * * LOW HITPOINT WARNING * * *
You feel much better. The orc priest barely misses you.
The orc warrior hits you but does no damage.
The orc knight hits you with a +1 battleaxe!!
* * * LOW HITPOINT WARNING * * *
You feel much better.
The orc priest hits you but does no damage.
The orc knight hits you with a +1 battleaxe of electrocution!
* * * LOW HITPOINT WARNING * * *
The orc high priest calls down the wrath of Beogh upon you.
Beogh smites you!
You die...

##### ..# ##.....## ..#
##.........### #.
..##.............## ...
..#...............###...
..#.#.#.#.#.#.#.#o#.#3#o#
................@oooo3oo.
...............3oo#o#o.5.
...............)4.oo.).o.
..#.#.#.#.#.#)#)#)#o#o#
..#..........)))..### ..
..##..........†..## ..
.^####.........### . ..#
###.....### ..# #######


You could see 4 orc knights, 2 orc high priests, a sun demon (summoned), a
hellwing (summoned), 2 neqoxecs, 6 orc warriors, 2 orc priests, a white imp
(summoned, expiring) and an orc (strong).

Vanquished Creatures
  Saint Roka (Orc:2)
  Gastronok (Lair:3)
  Harold (Orc:1)
  The ghost of Duaji the Blocker, a journeyman GrFi of Okawaru (Lair:2)
  7 hydras
  The ghost of Huxoxzufuz the Blocker, a journeyman GnFi of Hepliaklqana (Lair:2)
  A boulder beetle (D:11)
  A catoblepas (Lair:6)
  A deep troll shaman (Lair:6)
  A two-headed ogre (D:12)
  13 death yaks
  3 orc high priests (Orc:2)
  Sonja (D:11)
  A hell knight (Volcano)
  3 unseen horrors
  An obsidian statue (D:9)
  A lindwurm (Lair:6)
  2 orc knights (Orc:2)
  3 ugly things
  A cyclops (Orc:2)
  3 orc sorcerers
  A manticore (D:12)
  A yaktaur (Volcano)
  2 centaur zombies
  4 black mambas
  Maurice (Orc:1)
  13 elephants
  An ice statue (D:9)
  2 gargoyles
  14 cane toads
  4 rime drakes
  A demonic crawler (D:11)
  7 komodo dragons
  5 trolls
  2 polar bears (Lair:6)
  15 blink frogs
  2 hornets (D:12)
  2 redbacks (Lair:2)
  A vampire (D:9)
  Sigmund (D:4)
  4 wyverns
  70 yaks
  A wraith (D:11)
  A steam dragon (Lair:3)
  7 wargs
  3 swamp worms
  A soldier ant (D:12)
  15 water moccasins
  2 acid dragons (D:12)
  26 orc warriors
  4 sky beasts
  3 ice beasts
  5 black bears
  2 eyes of draining
  3 phantoms
  A hornet zombie (D:12)
  16 ogres
  15 wolves
  9 centaurs
  Blork the orc (D:4)
  20 bullfrogs
  6 scorpions
  A water moccasin skeleton (D:4)
  7 wights
  A howler monkey (D:10)
  2 electric eels (D:7)
  A crimson imp (D:8)
  2 bullfrog zombies
  2 bullfrog skeletons
  A gnoll shaman (D:9)
  4 hounds
  16 orc wizards
  26 orc priests
  4 jellies
  A centaur skeleton (D:7)
  2 iguanas
  8 worker ants
  A killer bee zombie (D:8)
  2 hound zombies
  3 hound skeletons
  A worker ant zombie (D:11)
  11 gnolls
  2 howler monkey skeletons
  15 adders
  6 river rats (D:6)
  2 shadow imps
  6 white imps
  2 ufetubi
  2 oozes (D:3)
  2 adder skeletons
  2 worms
  6 leopard geckos
  81 orcs
  2 ball pythons
  10 bats
  3 giant cockroaches
  7 goblins
  2 hobgoblins
  7 jackals
  11 kobolds
  10 quokkas
  5 frilled lizards
  A jackal zombie (D:5)
  2 leopard gecko skeletons
  A leopard gecko zombie (D:6)
  24 rats
649 creatures vanquished.

Vanquished Creatures (others)
  A centaur warrior (Volcano)
  2 centaurs (Volcano)
  53 fungi
  65 plants
121 creatures vanquished.

Grand Total: 770 creatures vanquished

Notes
Turn   | Place    | Note
-------+----------+-------------------------------------------
     0 | D:1      | Dani the Ogre Fighter began the quest for the Orb.
     0 | D:1      | Reached XP level 1. HP: 24/24 MP: 1/1
   212 | D:1      | Reached skill level 2 in Maces & Flails
   399 | D:1      | Reached XP level 2. HP: 32/32 MP: 2/2
   832 | D:1      | Reached XP level 3. HP: 25/40 MP: 3/3
  1144 | D:2      | Noticed a bullfrog
  1148 | D:2      | Killed a bullfrog
  1149 | D:2      | Reached skill level 5 in Fighting
  1149 | D:2      | Reached skill level 3 in Maces & Flails
  1149 | D:2      | Reached XP level 4. HP: 41/50 MP: 4/4
  1337 | D:2      | Found a burning altar of Makhleb.
  1425 | D:2      | Reached XP level 5. HP: 57/57 MP: 5/5
  1525 | D:2      | Reached skill level 4 in Maces & Flails
  2010 | D:3      | Noticed an ogre
  2640 | D:3      | Found a hazy altar of Hepliaklqana.
  2736 | D:3      | Found a broken altar of Ashenzari.
  2822 | D:3      | Killed an ogre
  2823 | D:3      | Reached skill level 6 in Fighting
  2823 | D:3      | Reached XP level 6. HP: 67/67 MP: 6/6
  3039 | D:4      | Noticed Sigmund
  3058 | D:3      | Reached skill level 5 in Maces & Flails
  3349 | D:4      | Noticed Blork the orc
  3354 | D:4      | Killed Blork the orc
  3461 | D:4      | Reached XP level 7. HP: 71/76 MP: 7/7
  3472 | D:4      | Found a glowing golden altar of the Shining One.
  3489 | D:4      | Became a worshipper of the Shining One
  3754 | D:4      | Killed Sigmund
  3755 | D:4      | Reached skill level 7 in Fighting
  3755 | D:4      | Reached skill level 6 in Maces & Flails
  3945 | D:4      | Found an iron altar of Okawaru.
  4046 | D:4      | Found a runed translucent door.
  4047 | D:4      | Noticed Crazy Yiuf
  4260 | D:4      | Fell from the grace of the Shining One
  4260 | D:4      | Became a worshipper of Warmaster Okawaru
  4311 | D:5      | Entered Level 5 of the Dungeon
  4879 | D:5      | Reached XP level 8. HP: 88/88 MP: 8/8
  4935 | D:5      | Found Buafupadd's Armour Boutique.
  4973 | D:5      | Reached skill level 7 in Maces & Flails
  5390 | D:5      | Reached skill level 8 in Fighting
  5525 | D:5      | Noticed Dowan
  5525 | D:5      | Noticed Duvessa
  6057 | D:5      | Found a shimmering blue altar of Sif Muna.
  6131 | D:5      | Reached * piety under Okawaru
  6281 | D:6      | Found a shadowy altar of Dithmenos.
  6801 | D:6      | Reached skill level 8 in Maces & Flails
  7045 | D:6      | Reached skill level 9 in Fighting
  7317 | D:6      | Reached XP level 9. HP: 98/98 MP: 9/9
  8031 | D:7      | Found a staircase to the Ecumenical Temple.
  8162 | D:6      | Reached skill level 1 in Invocations
  8464 | D:7      | Reached skill level 1 in Armour
  9155 | D:7      | Reached ** piety under Okawaru
  9156 | D:7      | Reached skill level 9 in Maces & Flails
  9156 | D:7      | Reached skill level 2 in Invocations
  9972 | D:7      | Reached skill level 2 in Armour
 10085 | D:7      | Reached skill level 10 in Fighting
 10291 | D:7      | Reached skill level 3 in Invocations
 10403 | D:7      | Found a bloodstained altar of Trog.
 11276 | D:8      | Reached XP level 10. HP: 99/111 MP: 4/12
 11885 | D:8      | Reached skill level 4 in Invocations
 11962 | D:8      | Reached skill level 3 in Armour
 12010 | D:8      | Reached *** piety under Okawaru
 12022 | D:8      | Reached skill level 10 in Maces & Flails
 12446 | D:9      | Noticed an ice statue
 12499 | D:9      | HP: 20/111 [vampire (10)]
 12991 | D:3      | Learned a level 2 spell: Blink
 13266 | D:9      | Reached skill level 1 in Spellcasting
 13396 | D:9      | Found Gozag's Platinum Reserve.
 13443 | D:9      | Found a staircase to the Lair.
 13914 | D:9      | Reached skill level 2 in Spellcasting
 14009 | D:9      | Found an opulent altar of Gozag.
 14031 | D:9      | Noticed an obsidian statue
 14157 | D:10     | Entered Level 10 of the Dungeon
 14157 | D:10     | Noticed a gargoyle
 14162 | D:9      | Reached skill level 11 in Fighting
 14228 | D:10     | Killed a gargoyle
 14300 | D:10     | Found Quonlam's Distillery.
 14329 | D:10     | Bought 2 potions of heal wounds for 110 gold pieces
 14329 | D:10     | Bought 2 potions of might for 88 gold pieces
 14329 | D:10     | Bought a potion of curing for 33 gold pieces
 14349 | D:10     | Reached skill level 4 in Armour
 14385 | D:10     | Reached skill level 3 in Spellcasting
 14462 | D:10     | Reached **** piety under Okawaru
 14545 | D:10     | Identified a scroll of acquirement
 14545 | D:10     | Acquired a scarf of resistance
 14584 | D:10     | Reached XP level 11. HP: 116/120 MP: 5/16
 14768 | Lair:1   | Entered Level 1 of the Lair of Beasts
 14819 | Lair:1   | Reached skill level 11 in Maces & Flails
 15034 | Lair:1   | Noticed a five-headed hydra
 15041 | Lair:1   | Killed a five-headed hydra
 15042 | Lair:1   | Reached skill level 4 in Spellcasting
 15121 | Lair:1   | HP: 19/123 [cane toad (17)]
 15256 | Lair:1   | Reached skill level 1 in Evocations
 15532 | Lair:1   | Reached ***** piety under Okawaru
 15995 | Lair:1   | Noticed a seven-headed hydra
 16003 | Lair:1   | Killed a seven-headed hydra
 16004 | Lair:1   | Reached skill level 12 in Fighting
 16004 | Lair:1   | Reached skill level 5 in Armour
 16004 | Lair:1   | Reached skill level 2 in Evocations
 16175 | Lair:2   | Reached skill level 5 in Spellcasting
 16609 | Lair:2   | Received a gift from Okawaru
 16612 | Lair:2   | Got a bloodstained giant club {god gift}
 16613 | Lair:2   | Identified the +9 giant club of the Extremes {protect,
                  | rElec rF- Str+5} (Okawaru gifted it to you on level 2 of
                  | the Lair of Beasts)
 16650 | Lair:2   | Reached skill level 12 in Maces & Flails
 16655 | Lair:2   | Reached XP level 12. HP: 124/133 MP: 4/19
 16659 | Lair:2   | Reached skill level 3 in Evocations
 16961 | Lair:2   | Found a hole to the Spider Nest.
 17067 | Lair:2   | Found a runed translucent gate.
 17070 | Lair:2   | Found a runed translucent gate.
 17072 | Lair:2   | Found a runed translucent gate.
 17072 | Lair:2   | Noticed Huxoxzufuz's ghost (journeyman GnFi)
 17073 | Lair:2   | Noticed Duaji's ghost (journeyman GrFi)
 17075 | Lair:2   | Found the amulet of the Four Winds {rN+ Will+++ Clar}
 17087 | Lair:2   | Killed Huxoxzufuz's ghost
 17092 | Lair:2   | Killed Duaji's ghost
 17093 | Lair:2   | Reached skill level 6 in Armour
 17324 | Lair:2   | Noticed a six-headed hydra
 17333 | Lair:2   | HP: 29/133 [six-headed hydra (14)]
 17483 | Lair:2   | Killed a six-headed hydra
 17484 | Lair:2   | Reached skill level 4 in Evocations
 17574 | Lair:2   | Reached skill level 13 in Fighting
 17765 | Lair:3   | Noticed Gastronok
 17786 | Lair:3   | Killed Gastronok
 17792 | Lair:3   | Reached skill level 13 in Maces & Flails
 17938 | Lair:3   | Found a shimmering altar of Xom.
 17950 | Lair:3   | Found a dark tunnel.
 17956 | Volcano  | Entered a volcano
 17972 | Volcano  | Noticed a centaur warrior
 18182 | Volcano  | Noticed a hell knight
 18192 | Volcano  | Killed a hell knight
 18233 | Volcano  | Found a burning altar of Makhleb.
 18860 | Lair:3   | Reached XP level 13. HP: 104/144 MP: 18/20
 19051 | Lair:3   | Reached skill level 7 in Armour
 19489 | Lair:4   | Received a gift from Okawaru
 19628 | Lair:4   | Reached skill level 14 in Fighting
 20628 | Lair:5   | Reached skill level 14 in Maces & Flails
 21023 | Lair:6   | Entered Level 6 of the Lair of Beasts
 21109 | Lair:6   | Reached skill level 8 in Armour
 21166 | Lair:6   | Found a staircase to the Slime Pits.
 21314 | Lair:6   | Received a gift from Okawaru
 21325 | Lair:6   | Reached XP level 14. HP: 88/157 MP: 15/21
 21326 | Lair:6   | Reached skill level 15 in Fighting
 21608 | Lair:6   | Reached skill level 15 in Maces & Flails
 21958 | Lair:6   | Received a gift from Okawaru
 21962 | Lair:6   | HP: 35/159 [cane toad (15)]
 21967 | Lair:6   | HP: 32/159 [poisoned by a cane toad]
 21968 | Lair:6   | Reached skill level 9 in Armour
 21972 | Lair:6   | HP: 28/159 [poisoned by a cane toad]
 21977 | Lair:6   | HP: 24/159 [poisoned by a cane toad]
 21982 | Lair:6   | HP: 23/159 [poisoned by a cane toad]
 21988 | Lair:6   | HP: 22/159 [poisoned by a cane toad]
 21994 | Lair:6   | HP: 24/159 [poisoned by a cane toad]
 22000 | Lair:6   | HP: 27/159 [poisoned by a cane toad]
 22008 | Lair:6   | HP: 31/159 [poisoned by a cane toad]
 24607 | D:11     | Reached skill level 16 in Fighting
 24874 | D:11     | Found a portal to a secret trove of treasure.
 25266 | D:11     | Noticed Sonja
 25270 | D:11     | Reached skill level 3 in Dodging
 25275 | D:11     | Killed Sonja
 25275 | D:11     | Reached ****** piety under Okawaru
 26115 | D:12     | Reached XP level 15. HP: 122/170 MP: 22/22
 26117 | D:12     | Received a gift from Okawaru
 26127 | D:12     | HP: 42/170 [yak (6)]
 26132 | D:12     | Got masterwork quicksilver dragon scales {god gift}
 26132 | D:12     | HP: 27/170 [poisoned by a green ugly thing]
 26138 | D:12     | HP: 26/170 [poisoned by a green ugly thing]
 26143 | D:12     | Identified the quicksilver dragon scales "Foycsu" {Will+
                  | rCorr Int+6} (Okawaru gifted it to you on level 12 of the
                  | Dungeon)
 26143 | D:12     | HP: 25/170 [poisoned by a green ugly thing]
 26148 | D:12     | HP: 25/170 [poisoned by a green ugly thing]
 26155 | D:12     | HP: 25/170 [poisoned by a green ugly thing]
 26163 | D:12     | HP: 26/170 [poisoned by a green ugly thing]
 26619 | D:12     | Reached skill level 5 in Invocations
 26956 | D:12     | Found a staircase to the Orcish Mines.
 26960 | D:12     | Reached skill level 16 in Maces & Flails
 26964 | Orc:1    | Entered Level 1 of the Orcish Mines
 26981 | Orc:1    | Noticed Maurice
 26997 | Orc:1    | Killed Maurice
 27016 | Orc:1    | Noticed Harold
 27036 | Orc:1    | Killed Harold
 27427 | Orc:2    | Entered Level 2 of the Orcish Mines
 27461 | Orc:2    | Noticed Saint Roka
 27484 | Orc:2    | HP: 27/171 [Saint Roka/+0 battleaxe (23)]
 27486 | Orc:2    | HP: 7/171 [orc warrior/+0 trident[Saint Roka] (12)]
 27944 | Orc:2    | Reached skill level 4 in Dodging
 28128 | Orc:2    | Killed Saint Roka
 28129 | Orc:2    | Reached skill level 5 in Evocations
 28197 | Orc:2    | Found Waut's General Store.
 28491 | Orc:2    | Found a staircase to the Elven Halls.
 29253 | Orc:2    | HP: 19/171 [orc warrior/+0 war axe (25)]
 29256 | Orc:2    | HP: 4/171 [orc knight/+1 battleaxe (22)]
 29257 | Orc:2    | Killed from afar by an orc high priest

Illustrated notes

Levels and vault maps discovered:
D:1:      sevenhm_arrival_forest_fort_large_2, layout_loops_cross
D:2:      layout_loops_ring, bloody_makhleb
D:3:      layout_basic, nzn_hepliaklqana_mist_gate, marbit_many_paths
D:4:      layout_rooms, lemuel_round_altar, serial_bayou, serial_bayou_pond_c,
          serial_bayou_ford_a, serial_bayou_pond_b, serial_bayou_lagoon_a,
          tso_metal_star, uniq_sigmund, uniq_crazy_yiuf_cottage,
          uniq_blork_the_orc
D:5:      layout_rooms, serial_shops, shop, lemuel_blue_sif_altar, uniq_duvessa
D:6:      lemuel_ratsnest, layout_cave_pods, kennysheep_mini_moat
D:7:      layout_gridville, trog_eyes_of_draining, temple_statues, serial_bayou,
          serial_bayou_crossing, serial_bayou_shore_a, serial_bayou_shore_b,
          serial_bayou_pond_c
D:8:      layout_basic, minmay_fire_ice_demons
D:9:      minmay_separated_statues, layout_loops_ring,
          nicolae_gozag_zags_fifth_avenue, erik_lair_orcish_takeover
D:10:     layout_gridville, serial_shops, nicolae_shop_stone
D:11:     layout_layer_cave, enter_trove_6, worms_lemuel, uniq_sonja
D:12:     layout_roguey, minmay_orc_entry_guard_dogs
Lair:1:   layout_misc_corridors, grunt_megastairs_1, infiniplex_staircase_pool_2
Lair:2:   layout_big_grid, spider_nest_entry_webs, gammafunk_ghost_cemetery,
          st_stairs_12
Lair:3:   layout_regular_city, enter_volcano_1, basic_altar, uniq_gastronok
Lair:4:   layout_roguey, nicolae_swamp_entry_splash_gauntlet, minivault_25
Lair:5:   layout_loops_ring, lemuel_fruit_tree
Lair:6:   grunt_lair_end_beastmaster, layout_layer_cave, slime_dummy,
          grunt_megastairs_5
Orc:1:    layout_diamond_mine, basic_altar, uniq_harold, uniq_maurice
Orc:2:    st_orc_pillars, layout_diamond_mine, serial_shops, shop,
          uniq_saint_roka

Skill      XL: |  1  2  3  4  5  6  7  8  9 10 11 12 13 14 15 |
---------------+----------------------------------------------+-----
Maces & Flails | 2 3 4 5 6 8 9 10 12 13 14 15 16 | 16.3
Fighting       | 5 6 7 9 10 11 12 13 14 16 | 16.5
Invocations    | 3 4 5 |  5.0
Armour         | 2 4 5 6 8 9 |  9.9
Spellcasting   | 3 5 |  5.0
Evocations     | 2 4 5 |  5.2
Dodging        | 3 4 |  4.5
Shields        | |  2.6

Action                   |  1- 3 |  4- 6 |  7- 9 | 10-12 | 13-15 || total
-------------------------+-------+-------+-------+-------+-------++-------
Melee: Flail             |    89 |   170 |   409 |       |       ||   668
       Giant spiked club |       |       |    41 |   336 |   447 ||   824
       Giant club        |       |       |       |    99 |   272 ||   371
 Cast: Blink             |       |       |       |       |     2 ||     2
Invok: Heroism           |       |       |     1 |    24 |    33 ||    58
       Finesse           |       |       |       |     3 |    13 ||    16
Evoke: Wand              |       |     4 |     2 |    13 |     2 ||    21
       Tin of tremorston |       |       |       |       |     2 ||     2
       Box of beasts     |       |       |       |       |     1 ||     1
  Use: Scroll            |       |     3 |    18 |     2 |     3 ||    26
       Potion            |       |       |       |     6 |     3 ||     9
 Stab: Distracted        |       |       |       |     1 |     1 ||     2
       Petrified         |       |       |       |       |     1 ||     1
Armor: Robe              |    27 |    47 |    68 |    34 |       ||   176
       Troll leather arm |       |       |       |   110 |   149 ||   259
       Skin              |       |       |       |     2 |       ||     2
       Quicksilver drago |       |       |       |       |   100 ||   100
Dodge: Dodged            |    32 |    56 |   115 |   234 |   280 ||   717
Block: Kite shield       |    49 |    87 |   168 |       |       ||   304

Table legend: (Time is in decaauts)
 A = Elapsed time spent in this place.
 B = Non-inter-level travel time spent in this place.
 C = Inter-level travel time spent in this place.
 D = Time resting spent in this place.
 E = Time spent auto-exploring this place.
 F = Levels seen in this place.
 G = Mean time per level.
                   A        B        C        D        E       F      G
               +--------+--------+--------+--------+--------+-----+--------+
         Total |  29262 |  27341 |   1921 |   4353 |  18302 |  21 | 1393.4 |
       Dungeon |  18283 |  16888 |   1395 |   2836 |  11284 |  12 | 1523.6 |
          Lair |   8387 |   7877 |    510 |   1115 |   5346 |   6 | 1397.8 |
  Orcish Mines |   2189 |   2173 |     16 |    217 |   1600 |   2 | 1094.5 |
       Volcano |    401 |    401 |      0 |    185 |     71 |   1 |  401.0 |
               +--------+--------+--------+--------+--------+-----+--------+

Top non-repeatable levels by time:
     D:7: 2832 daAuts
     D:6: 2363 daAuts
  Lair:6: 2122 daAuts
     D:9: 1846 daAuts
  Lair:1: 1814 daAuts
     D:5: 1617 daAuts
    D:11: 1505 daAuts
     D:4: 1474 daAuts
  Lair:2: 1317 daAuts
     D:3: 1281 daAuts
   Orc:1: 1272 daAuts
     D:8: 1224 daAuts
     D:1: 1150 daAuts
    D:12: 1062 daAuts
  Lair:4: 1061 daAuts

Table legend:
 A = Kills in this place as a percentage of kills in entire the game.
 B = Kills by you in this place as a percentage of kills by you in the entire game.
 C = Kills by friends in this place as a percentage of kills by friends in the entire game.
 D = Other kills in this place as a percentage of other kills in the entire game.
 E = Experience gained in this place as a percentage of experience gained in the entire game.
 F = Experience gained in this place divided by the number of levels of this place that you have seen.
                   A       B       C       D       E      F
               +-------+-------+-------+-------+-------+----------------------
         Total | 100.0 | 100.0 |   N/A |   N/A | 100.0 | 5308.7
       Dungeon |  51.9 |  51.9 |   N/A |   N/A |  24.6 | 2280.8
          Lair |  28.2 |  28.2 |   N/A |   N/A |  57.0 | 10589.7
  Orcish Mines |  19.1 |  19.1 |   N/A |   N/A |  17.0 | 9479.0
       Volcano |   0.8 |   0.8 |   N/A |   N/A |   1.4 | 1616.0
               +-------+-------+-------+-------+-------+----------------------
